 Dungeon Crawl Stone Soup version 0.28-a0-1212-gc6b4282bc0 (webtiles) character file.

Game seed: 6777823231741231327

2 keep the Skirmisher (level 1, -2/19 HPs)
             Began as a Ghoul Monk on Dec 21, 2021.
             Slain by a goblin (3 damage)
             ... led by Robin
             ... on level 3 of the Dungeon.
             The game lasted 00:03:35 (307 turns).

keep the Skirmisher (Ghoul Monk)                     Turns: 307, Time: 00:03:35

Health: -2/19      AC:  6    Str: 14    XL:     1   Next: 30%
Magic:  0/0        EV:  9    Int:  5    God:
Gold:   27         SH:  0    Dex: 11    Spells: 0/0 levels left

rFire   . . .      SeeInvis .   e - +4 rapier
rCold   + . .      Faith    .   (no shield)
rNeg    + + +      Spirit   .   h - +0 scale mail
rPois   ∞          Reflect  .   (no helmet)
rElec   .          Harm     .   (no cloak)
rCorr   .          Rampage  .   (no gloves)
Will    .....                   (no boots)
Stlth   ..........              c - amulet of regeneration
HPRegen 0.00/turn               (no ring)
MPRegen 0.07/turn               (no ring)

@: inhibited regen
A: claws 1, cold resistance 1, negative energy resistance 3, inhibited
regeneration, torment resistance 2
a: no special abilities


You were on level 3 of the Dungeon.
You visited 1 branch of the dungeon, and saw 3 of its levels.

You collected 27 gold pieces.

Inventory:

Hand Weapons
 a - a +0 falchion
 e - a +4 rapier (weapon)
Missiles
 f - 14 stones (quivered)
Armour
 b - a +0 robe
 h - a +0 scale mail (worn)
Jewellery
 c - an amulet of regeneration (around neck)
Scrolls
 d - a scroll of torment {unknown}
 g - a scroll of identify {unknown}


   Skills:
 + Level 3.3 Fighting
 + Level 2.8 Long Blades
 + Level 2.6 Dodging
 + Level 2.1 Stealth


You couldn't memorise any spells.
You didn't know any spells.
Your spell library was empty.

Dungeon Overview and Level Annotations

Branches:
Dungeon (3/15)

Altars:

Annotations:
D:2 Robin


Innate Abilities, Weirdness & Mutations

You thrive by killing the living.
You are immune to poison.
You have sharp fingernails.
Your flesh is cold resistant. (rC+)
You are immune to negative energy. (rN+++)
You do not regenerate when monsters are visible.
You are immune to unholy pain and torment.


Message History

You finish taking off your +0 robe.
You start putting on your armour.
You continue putting on your +0 scale mail. x5
You finish putting on your +0 scale mail.
A hobgoblin comes into view.
The hobgoblin shouts!
You hear a shout! x5
A goblin comes into view. It is wielding a +0 club.
You hear a shout! x2 3 goblins and 2 hobgoblins come into view.
The goblin shouts! x2; The hobgoblin shouts!
The goblin shouts!
A goblin comes into view. It is wielding a +0 dagger.
Robin of the Strong Arm comes into view.
They are wielding a +0 spear.
A hobgoblin comes into view.
The goblin moves out of view.
The hobgoblin hits you but does no damage.
The goblin unwields a +0 club.
The goblin wields a +0 hunting sling.
The goblin shoots a stone.
The stone hits you.
The goblin shoots a stone.
The stone barely misses you. The hobgoblin barely misses you.
The hobgoblin hits you.
The goblin shoots a stone.
The stone hits you.
Robin roars a battlecry!
The goblins go into a battle-frenzy!
A goblin comes into view. It is wielding a +0 dagger.
There is a stone staircase leading down here.
You open the door. The goblin hits you with a +0 club.
Robin says, "A pitiful Ghoul like you will never find the ORB!"
The goblin barely misses you. The hobgoblin hits you.
The goblin unwields a +0 hunting sling.
The goblin wields a +0 club.
The goblin barely misses you. The goblin hits you with a +0 dagger.
You climb downwards.
There is a stone staircase leading up here.
The goblin hits you with a +0 club.
You hit the goblin.
The goblin is heavily wounded.
The goblin hits you with a +0 club.
* * * LOW HITPOINT WARNING * * *
You hit the hobgoblin.
The hobgoblin is severely wounded.
The goblin hits you with a +0 club.
You die...

.##########.##
.............#
......g@#
.....#gg#
.###...g#
##........#
###.###..# #.#
# #.. ###


You could see a hobgoblin (strong) and 3 goblins.

Vanquished Creatures
  A bat (D:2)
  A rat (D:1)
2 creatures vanquished.

Notes
Turn   | Place    | Note
-------+----------+-------------------------------------------
     0 | D:1      | keep the Ghoul Monk began the quest for the Orb.
     0 | D:1      | Reached XP level 1. HP: 19/19 MP: 0/0
   289 | D:2      | Noticed Robin
   307 | D:3      | Slain by a goblin

Illustrated notes

Levels and vault maps discovered:
D:1:      sevenhm_arrival_forest_fort_small_3, layout_rooms,
          shapermc_ecumenical_altar_flowoftime, serial_park_tiny_1
D:2:      layout_basic, uniq_robin, uniq_natasha, uniq_sigmund
D:3:      layout_loops_ring, mainiacjoe_overflow_tiny_flanked

Action                   || total
-------------------------++-------
Melee: Rapier            ||     4
       Falchion          ||     1
Armor: Robe              ||     1
       Scale mail        ||     1
Dodge: Dodged            ||     5

Table legend: (Time is in decaauts)
 A = Elapsed time spent in this place.
 B = Non-inter-level travel time spent in this place.
 C = Inter-level travel time spent in this place.
 D = Time resting spent in this place.
 E = Time spent auto-exploring this place.
 F = Levels seen in this place.
 G = Mean time per level.
                   A        B        C        D        E       F      G
               +--------+--------+--------+--------+--------+-----+--------+
         Total |    306 |    306 |      0 |      0 |    115 |   3 |  102.0 |
       Dungeon |    306 |    306 |      0 |      0 |    115 |   3 |  102.0 |
               +--------+--------+--------+--------+--------+-----+--------+

Top non-repeatable levels by time:
     D:2: 215 daAuts
     D:1: 87 daAuts
     D:3: 4 daAuts
